 Dungeon Sprint DCSS version 0.17.2-1-ge4368a0 (webtiles) character file.

1516 mopl the Unseen (level 8, -16/40 HPs)
             Began as a Spriggan Assassin on Aug 23, 2016.
             Was a Follower of Trog.
             Shot with an arrow by a centaur warrior (18 damage)
             ... in the Dungeon (Sprint I: "Red Sonja").
             The game lasted 00:02:22 (518 turns).

mopl the Unseen (Spriggan Assassin)                  Turns: 518, Time: 00:02:22

Health: -16/40     AC:  6    Str:  7    XL:     8   Next: 54%
Magic:  9/9        EV: 17    Int: 12    God:    Trog [*.....]
Gold:   36         SH:  0    Dex: 20    Spells: 0 memorised, 7 levels left

rFire  + . .     SeeInvis +     a - +0 dagger (drain)
rCold  . . .     Clarity  .     o - +1 robe {MR+}
rNeg   . . .     SustAt   .     (shield restricted)
rPois  .         Gourm    .     q - +2 hat
rElec  .         Spirit   .     d - +0 cloak
rCorr  .         Warding  .     (gloves unavailable)
rMut   .         NoTele   +     (boots unavailable)
MR     ++...                    (no amulet)
Stlth  ++++++++..               (no ring)
                                r - ring of protection from fire

@: very quick, very resistant to hostile enchantments, extraordinarily stealthy
A: unfitting armour, see invisible, herbivore 3, speed 3, slow metabolism 2
a: Berserk, Burn Spellbooks, Renounce Religion


You were in the Dungeon.
You worshipped Trog.
Trog was aware of your devotion.
You were not hungry.

You visited 1 branch You collected 513 gold pieces.
You spent 477 gold pieces at shops.

Inventory:

Hand Weapons
 a - a +0 dagger of draining (weapon)
 b - a +0 blowgun
Missiles
 e - 8 poisoned needles
 f - 11 curare-tipped needles
Armour
 d - a +0 cloak (worn)
 o - a +1 robe of magic resistance (worn)
 q - a +2 hat (worn)
Jewellery
 r - a ring of protection from fire (left hand)
Scrolls
 c - 2 scrolls of identify
 m - 2 scrolls of blinking
 n - a scroll of fog
 p - 2 scrolls of immolation {unknown}
 s - a scroll of remove curse {unknown}
Potions
 h - 2 potions of curing
 i - a potion of heal wounds
 j - a potion of haste
 l - a potion of berserk rage {!q}
Comestibles
 g - a bread ration


   Skills:
 + Level 3.3 Fighting
 + Level 4.4 Short Blades
 * Level 14.5 Throwing
 - Level 1.5 Dodging
 + Level 16.3 Stealth


You had 7 spell levels left.
You didn't know any spells.

Dungeon Overview and Level Annotations

Branches:
Dungeon (1/1)

Altars:
Elyvilon
Gozag
Kikubaaqudgha
Makhleb
Nemelex Xobeh
Okawaru
Qazlal
Ru
Sif Muna
Trog
Vehumet
Xom
Yredelemnul
Zin
The Shining One

Shops:
D ??[


Innate Abilities, Weirdness & Mutations

You are tiny and cannot use many weapons and most armour.
You have supernaturally acute eyesight.
You are a herbivore.
You cover ground extremely quickly.
You need consume almost no food.


Message History

Moving in this stuff is going to be slow.
The centaur warrior shouts! x2
The centaur warrior wields a shortbow.
The centaur warrior shoots an arrow.
The arrow hits you!
You hear a splash.
The centaur warrior wields a shortbow.
The centaur warrior shoots an arrow.
The arrow hits you!
You hear a splash.
Found a scroll labeled NUFRISMUFAO and 2 metallic pink potions.
You see here 2 arrows.
There is an open door here.
Which direction?
You close the door.
Something unseen opens the door.
The centaur warrior shoots an arrow.
The arrow misses you.
Which direction?
You close the door.
A centaur warrior opens the door.
The centaur warrior shoots an arrow.
The arrow hits you!
* * * LOW HITPOINT WARNING * * *
The centaur warrior shoots an arrow.
The arrow hits you!!
You die...

..'..#.)'..#..+,,+,,*,,,**+*,****
..#####'#####'#__*###,,,+,,*,*,**
..####..#...#(####?!#****,,+,*+*,
..#__####..##.#§≈≈..#,,**+****,,,
.)#_..__##'#..+§§§c§+,,*,,,,,*,,,
⌠⌠#_.∩?.†'..._#§ccc.#,,*,,,,,+,,,
###_..._##_.#+##'####*+***,,,*,,,
,,#_____###'#,#.((!###,+,*,,,***+
###########.####@###.##*,*,,***,,
∩........'..)'.....'.∩#*,*,,****,
##++++####.).##########*,**+*,,*,
,,,,,,,**##.##*,,,,,,,**,**,*,,,,
,,,,,,,,*,#+#,*,,,,,,,,+,****,,,,
,,*,,,,,*,,,,,*+++******,*,,+,,,,
,,,,,,,,*,,,,,*,,,,,,,,*,*****,,,
,,,,,*,,*******,,,,,,,*+,*,,,****
,,,,,,,,**,,,,,,,,,,,≈****,,,,,,,


You could see 2 centaur warriors.

Vanquished Creatures
  Sonja (D)
  A deep troll (D)
  Sigmund (D)
  A yak (D)
  An ogre (D)
  Ijyb (D)
  A jelly (D)
7 creatures vanquished.

Notes
Turn   | Place    | Note
--------------------------------------------------------------
     0 | D        | mopl the Spriggan Assassin began the quest for the Orb.
     0 | D        | Reached XP level 1. HP: 10/10 MP: 2/2
     2 | D        | Noticed Ijyb
    22 | D        | Killed Ijyb
    22 | D        | Reached skill level 5 in Throwing
    22 | D        | Reached skill level 7 in Stealth
    22 | D        | Reached XP level 2. HP: 1/14 MP: 3/3
   340 | D        | Noticed an ogre
   342 | D        | Killed an ogre
   342 | D        | Reached skill level 7 in Throwing
   342 | D        | Reached skill level 10 in Stealth
   342 | D        | Reached XP level 3. HP: 18/18 MP: 4/4
   342 | D        | Reached XP level 4. HP: 22/22 MP: 5/5
   351 | D        | Noticed Sigmund
   354 | D        | Killed Sigmund
   354 | D        | Reached skill level 10 in Throwing
   354 | D        | Reached skill level 12 in Stealth
   354 | D        | Reached XP level 5. HP: 25/25 MP: 6/6
   354 | D        | Reached XP level 6. HP: 30/30 MP: 7/7
   380 | D        | Found a deep blue altar of Sif Muna.
   381 | D        | Noticed a jelly
   382 | D        | Found a radiant altar of Vehumet.
   387 | D        | Killed a jelly
   402 | D        | Found Tufiow's Magic Scroll Emporium.
   402 | D        | Found a white marble altar of Elyvilon.
   402 | D        | Found a stormy altar of Qazlal.
   402 | D        | Found a basalt altar of Yredelemnul.
   402 | D        | Found an iron altar of Okawaru.
   402 | D        | Found a sparkling altar of Nemelex Xobeh.
   402 | D        | Found a shimmering altar of Xom.
   402 | D        | Found an ancient bone altar of Kikubaaqudgha.
   402 | D        | Noticed a yak
   403 | D        | Found a burning altar of Makhleb.
   403 | D        | Found a sacrificial altar of Ru.
   403 | D        | Found a glowing golden altar of the Shining One.
   403 | D        | Found an opulent altar of Gozag.
   403 | D        | Found a glowing silver altar of Zin.
   404 | D        | Killed a yak
   404 | D        | Reached skill level 11 in Throwing
   404 | D        | Reached skill level 13 in Stealth
   405 | D        | Found a bloodstained altar of Trog.
   408 | D        | Became a worshipper of Trog the Wrathful
   413 | D        | Bought a scroll of magic mapping for 49 gold pieces
   414 | D        | Bought a scroll of identify for 28 gold pieces
   414 | D        | Bought a scroll of identify for 28 gold pieces
   414 | D        | Bought a scroll of fog for 28 gold pieces
   414 | D        | Bought a scroll of amnesia for 49 gold pieces
   414 | D        | Bought a scroll of blinking for 105 gold pieces
   422 | D        | Noticed Sonja
   423 | D        | Killed Sonja
   423 | D        | Reached skill level 13 in Throwing
   423 | D        | Reached skill level 15 in Stealth
   423 | D        | Reached XP level 7. HP: 33/33 MP: 8/8
   443 | D        | Noticed a deep troll
   445 | D        | Killed a deep troll
   445 | D        | Reached * piety under Trog
   445 | D        | Reached skill level 3 in Fighting
   445 | D        | Reached skill level 4 in Short Blades
   445 | D        | Reached skill level 14 in Throwing
   445 | D        | Reached skill level 16 in Stealth
   445 | D        | Reached XP level 8. HP: 36/40 MP: 9/9
   452 | D        | Found Bibuwnik's Magic Scroll Boutique.
   460 | D        | Bought a scroll of random uselessness for 14 gold pieces
   484 | D        | Found Nuefaguff's Armour Emporium.
   489 | D        | Bought a +2 hat for 176 gold pieces
   512 | D        | Noticed a centaur warrior
   512 | D        | Noticed a centaur warrior
   518 | D        | HP: 2/40 [centaur warrior/arrow (12)]
   518 | D        | Shot with an arrow by a centaur warrior

Action                   |  1- 3 |  4- 6 |  7- 9 || total
-------------------------+-------+-------+-------++-------
Melee: Dagger            |     1 |     3 |       ||     4
 Fire: Blowgun           |     8 |     1 |     2 ||    11
  Use: Scroll            |       |     1 |       ||     1
 Stab: Sleeping          |     1 |     4 |     1 ||     6
